 Dungeon Crawl Stone Soup version 0.31-a0-1570-g93c622d222 (webtiles) character file.

Game seed: 11314561635982045176

3897 hikkokomori the Conjurer (level 10, -5/59 HPs)
             Began as a Gargoyle Earth Elementalist on Jan 3, 2024.
             Slain by an orc warrior
             ... wielding a +0 bardiche
              (14 damage)
             ... in a bailey.
             The game lasted 00:19:06 (7314 turns).

hikkokomori the Conjurer (GrEE)                     Turns: 7314, Time: 00:19:06

Health: -5/59      AC: 10    Str: 17    XL:     10   Next: 20%
Magic:  1/18       EV: 16    Int: 21    God:
Gold:   402        SH:  0    Dex: 10    Spells: 8/20 levels left

rFire   . . .        d - +0 morningstar (elec)
rCold   . . .        (no shield)
rNeg    + . .        a - +1 robe
rPois   ∞            (no helmet)
rElec   +            (no cloak)
rCorr   .            (no gloves)
SInv    .            (no boots)
Will    .....        B - amulet of regeneration
Stlth   +++          f - +5 ring of evasion
HPRegen 1.09/turn    j - +6 ring of strength
MPRegen 0.16/turn

%: no passive effects
@: no status effects
A: sickness immunity, AC +7, negative energy resistance 1, electricity
resistance, torment resistance 1, petrification resistance
a: no special abilities


You were in a bailey.
You visited 1 branch of the dungeon, and saw 7 of its levels.
You also visited: Sewer and Bailey.

You collected 402 gold pieces.

Inventory:

Hand Weapons
 c - a +0 club
 d - a +0 morningstar of electrocution (weapon)
 l - a +1 falchion of draining
 q - a +1 short sword of venom
Missiles
 n - a throwing net
Armour
 a - a +1 robe (worn)
Jewellery
 f - a +5 ring of evasion (left hand)
 j - a +6 ring of strength (right hand)
 B - an amulet of regeneration (around neck)
Wands
 u - a wand of charming (6)
 A - a wand of mindburst (23)
Scrolls
 e - 8 scrolls of teleportation
 i - 4 scrolls of enchant armour
 k - 2 scrolls of amnesia
 m - a scroll of immolation
 w - a scroll of identify
 x - 4 scrolls of noise
Potions
 b - 3 potions of magic
 g - a potion of invisibility {unknown}
 h - 2 potions of might
 o - 4 potions of heal wounds
 p - 2 potions of degeneration
 r - a potion of cancellation
 s - a potion of haste {unknown}
 t - a potion of brilliance
 v - a potion of lignification
 z - 2 potions of curing


   Skills:
 - Level 5.4 Fighting
 - Level 1.5 Dodging
 - Level 6.4 Stealth
 + Level 5.5 Spellcasting
 + Level 7.9 Conjurations
 + Level 4.2 Ice Magic
 + Level 3.4 Air Magic
 - Level 7.7 Earth Magic


You had 8 spell levels left.
You knew the following spells:

 Your Spells              Type           Power      Damage    Failure   Level
a - Sandblast             Erth           76%        2d16      1%          1
b - Stone Arrow           Conj/Erth      76%        3d11      1%          3
c - Passwall              Erth           38%        N/A       1%          3
d - Freezing Cloud        Conj/Ice/Air   13%        6-21      34%         5

Your spell library contained the following spells:

 Spells                   Type           Power      Damage    Failure   Level
 Sting                    Conj/Alch      88%        1d8       1%          1
 Brom's Barrelling Bould  Conj/Erth      38%        2d6       4%          4
 Apportation              Tloc           10%        N/A       11%         1
 Necrotise                Necr           20%        1d5       11%         1
 Summon Small Mammal      Summ           20%        N/A       11%         1
 Iskenderun's Battlesphe  Conj           39%        2d9       11%         5
 Petrify                  Alch/Erth      22%        N/A       21%         4
 Fireball                 Conj/Fire      11%        3d7       50%         5
 Ignite Poison            Fire/Alch      5%         N/A       71%         4
 Conjure Ball Lightning   Conj/Air       14%        3x3d6     83%         6
 Orb of Destruction       Conj           19%        9d8       97%         7
 Cigotuvi's Dreadful Rot  Necr/Alch/Air  Unusable   N/A       N/A         2

Dungeon Overview and Level Annotations

Branches:
Dungeon (7/15)             Temple (0/1) D:4           Sewer (visited)
 Bailey (1/1)

Altars:
Cheibriados
Uskayaw

Shops:
D:7 =


Innate Abilities, Weirdness & Mutations

You are immune to sickness and miasma.
Your stone body is resilient. (AC +7)
You are immune to poison.
You resist negative energy. (rN+)
You are resistant to electric shocks. (rElec)
You are resistant to unholy torment.
You are immune to petrification.


Message History

The orc warrior hits you from afar with a +0 bardiche.
Unknown command.
Casting: Stone Arrow (safe; 1% risk of failure)
Confirm with . or Enter, or press ? or * to list all spells.
Aiming: Stone Arrow (safe; 1% risk of failure)
Press: ? - help, Shift-Dir - straight line, f - orc warrior
Aim: an orc warrior, wielding a +0 bardiche and wearing a +0 plate armour (74% to hit)
The stone arrow hits the orc warrior!
The orc warrior is heavily wounded.
The orc warrior hits you from afar with a +0 bardiche!
Casting: Stone Arrow (safe; 1% risk of failure)
Confirm with . or Enter, or press ? or * to list all spells.
You don't have enough magic to cast this spell.
Unknown command.
You closely miss the orc. The orc warrior closely misses you.
The orc warrior hits you from afar with a +0 bardiche!
Unknown command.
The orc closely misses you. The orc warrior barely misses you.
You barely miss the orc warrior.
The orc warrior is heavily wounded.
The orc completely misses you. The orc warrior misses you.
The orc completely misses you.
Unknown command.
You barely miss the orc warrior.
The orc warrior is heavily wounded.
The orc warrior misses you. The orc barely misses you.
The orc warrior barely misses you.
Unknown command.
You closely miss the orc warrior.
The orc warrior is heavily wounded.
The orc completely misses you. The orc warrior misses you.
The orc hits you but does no damage.
Unknown command.
You closely miss the orc warrior.
The orc warrior is heavily wounded.
The orc warrior hits you with a +0 bardiche!!
* * * LOW HITPOINT WARNING * * *
The orc hits you but does no damage.
The orc warrior hits you with a +0 bardiche!
You die...

####### ########
##.....## ##.......
#.......######.....#..
+...##..#....#....###.
+....8..'....'.....8..
+...##..#....#....###.
#...)@o.######...))#..
##..o..## ##...)...
####### ########


You could see an orc warrior and an orc.

Vanquished Creatures
  Joseph (D:7)
  A wyvern (D:7)
  A steam dragon (D:6)
  2 ice beasts
  A sky beast (D:7)
  A black bear (D:5)
  3 orc warriors
  3 ogres (D:5)
  2 centaurs (D:6)
  A phantom (D:7)
  A bullfrog (D:7)
  3 kobold brigands
  A scorpion (D:5)
  3 killer bees (D:7)
  A howler monkey (D:6)
  An electric eel (D:6)
  2 bombardier beetles
  3 jellies
  5 orc priests
  3 hounds
  6 orc wizards
  A sleepcap (D:7)
  3 iguanas
  11 adders
  7 river rats
  2 white imps
  4 ufetubi
  2 ribbon worms (D:3)
  6 dart slugs
  34 orcs
  4 endoplasms
  3 giant cockroaches
  9 goblins
  7 hobgoblins
  3 quokkas
  11 ball pythons
  3 bats
  4 frilled lizards
  42 kobolds
  29 rats
230 creatures vanquished.

Vanquished Creatures (collateral kills)
  A two-headed ogre (D:7)
  A killer bee (D:7)
2 creatures vanquished.

Vanquished Creatures (others)
  2 killer bees (D:7)
2 creatures vanquished.

Grand Total: 234 creatures vanquished

Notes
Turn   | Place    | Note
-------+----------+-------------------------------------------
     0 | D:1      | hikkokomori the Gargoyle Earth Elementalist began the quest
                  | for the Orb.
     0 | D:1      | Reached XP level 1. HP: 10/10 MP: 3/3
   163 | D:1      | Reached XP level 2. HP: 15/15 MP: 1/5
   766 | D:2      | Found a hide-covered altar of Uskayaw.
   945 | D:2      | Reached XP level 3. HP: 19/19 MP: 5/7
  1960 | D:3      | Reached XP level 4. HP: 12/24 MP: 2/8
  2037 | D:3      | Found a snail-covered altar of Cheibriados.
  2299 | D:3      | Found a hide-covered altar of Uskayaw.
  2569 | D:4      | Identified the flux talisman "Aroic" {*Corrode Str+3 Dex+2}
  2577 | D:4      | Noticed a steam dragon
  2577 | D:4      | HP: 1/24 [something/ball of steam (23)]
  2703 | D:3      | Learned a level 3 spell: Stone Arrow
  2832 | D:4      | Learned a level 3 spell: Passwall
  2901 | D:5      | Entered Level 5 of the Dungeon
  2918 | D:5      | Reached XP level 5. HP: 23/28 MP: 7/10
  2926 | D:5      | Noticed an ogre
  2931 | D:5      | Killed an ogre
  2932 | D:5      | Reached skill level 1 in Fighting
  2935 | D:5      | Reached skill level 5 in Earth Magic
  2935 | D:5      | Reached XP level 6. HP: 34/34 MP: 2/11
  3069 | D:5      | Noticed a black bear
  3073 | D:5      | Killed a black bear
  3074 | D:5      | Reached XP level 7. HP: 29/40 MP: 0/12
  3165 | D:5      | Found a glowing drain.
  3190 | Sewer    | Entered a sewer
  4351 | D:5      | Reached XP level 8. HP: 48/48 MP: 9/13
  4597 | D:5      | Reached skill level 5 in Conjurations
  4767 | D:5      | Reached skill level 5 in Stealth
  5343 | D:6      | Reached skill level 5 in Fighting
  5549 | D:6      | Reached XP level 9. HP: 30/54 MP: 11/14
  6077 | D:4      | Found a staircase to the Ecumenical Temple.
  6162 | D:4      | Learned a level 5 spell: Freezing Cloud
  6716 | D:7      | Reached skill level 1 in Ice Magic
  6726 | D:7      | Reached skill level 1 in Air Magic
  6904 | D:7      | Found Zarchousu's Jewellery Shop.
  6974 | D:7      | Found a flagged portal.
  7010 | D:7      | Noticed Joseph
  7027 | D:7      | Killed Joseph
  7125 | D:7      | Noticed a two-headed ogre
  7135 | D:7      | Killed a two-headed ogre
  7136 | D:7      | Reached skill level 5 in Spellcasting
  7136 | D:7      | Reached XP level 10. HP: 59/59 MP: 9/17
  7181 | Bailey   | Entered a bailey
  7314 | Bailey   | Slain by an orc warrior

Illustrated notes

Levels and vault maps discovered:
D:1:      giann_wishing_wells, layout_rooms, minmay_pentomino_x4
D:2:      layout_loops_cross, basic_altar, minmay_fountain_box
D:3:      layout_basic, slow_altar_1, mainiacjoe_overflow_six_doors_small,
          kennysheep_nondescript, hangedman_glass_teeth
D:4:      layout_loops_ring, minmay_temple_entry_overgrown, hex_large
D:5:      layout_loops_corners, nicolae_ossuary_entry_plus,
          portal_sewer_entry_c, serial_bayou_ford_a, minmay_between
D:6:      layout_cave_pools, kb_lookout_dungeons_type, serial_bayou_lagoon_a
D:7:      layout_basic, enter_bailey_5, minmay_shop_grid_forest, uniq_joseph
Bailey:   bailey_polearm_5, bailey

Skill      XL: |  1  2  3  4  5  6  7  8  9 10 |
---------------+-------------------------------+-----
Earth Magic    | 4 5 6 7 |  7.7
Conjurations   | 2 3 4 6 7 |  7.9
Spellcasting   | 3 5 |  5.5
Fighting       | 1 2 3 5 |  5.4
Stealth        | 3 4 6 |  6.4
Ice Magic      | 3 4 |  4.2
Air Magic      | 3 |  3.4
Dodging        | |  1.5

Action                     |  1- 3 |  4- 6 |  7- 9 | 10-12 || total
---------------------------+-------+-------+-------+-------++-------
  Melee: Unarmed           |    23 |       |       |       ||    23
         Club              |     1 |       |       |       ||     1
         Falchion          |     2 |     2 |    35 |       ||    39
         Morningstar       |       |       |    29 |     5 ||    34
   Cast: Sandblast         |    60 |    50 |   229 |    14 ||   353
         Stone Arrow       |       |       |     7 |     6 ||    13
  Evoke: Wand              |       |       |     5 |     1 ||     6
    Use: Scroll            |       |     6 |     9 |       ||    15
 Armour: Robe              |    33 |    25 |   147 |    23 ||   228
  Dodge: Dodged            |    34 |    22 |   121 |    31 ||   208

Table legend: (Time is in decaauts)
 A = Elapsed time spent in this place.
 B = Non-inter-level travel time spent in this place.
 C = Inter-level travel time spent in this place.
 D = Time resting spent in this place.
 E = Time spent auto-exploring this place.
 F = Levels seen in this place.
 G = Mean time per level.
                   A        B        C        D        E       F      G
               +--------+--------+--------+--------+--------+-----+--------+
         Total |   7553 |   7345 |    208 |    399 |   5072 |   9 |  839.2 |
       Dungeon |   6423 |   6215 |    208 |    399 |   4171 |   7 |  917.6 |
         Sewer |    990 |    990 |      0 |      0 |    798 |   1 |  990.0 |
        Bailey |    138 |    138 |      0 |      0 |    102 |   1 |  138.0 |
               +--------+--------+--------+--------+--------+-----+--------+

Top non-repeatable levels by time:
     D:5: 1467 daAuts
     D:3: 1121 daAuts
   Sewer: 990 daAuts
     D:4: 968 daAuts
     D:6: 854 daAuts
     D:2: 754 daAuts
     D:1: 742 daAuts
     D:7: 513 daAuts
  Bailey: 138 daAuts
